Map: Catalyst LE

Players

Serral

  • Race: Zerg Zerg
  • League: Grandmaster
  • Spawn Location: 11:00

liquidthermy (uThermal) - Winner!

  • Race: Terran Terran
  • League: Grandmaster
  • Spawn Location: 5:00

Event: WESG Barcelona European Finals 2017

VOD

Have the link to the VOD?

Description

Time

  • Played on: Nov. 25, 2017, 8:53 a.m.
  • Length: 12:30

All games in this series

Show
View Real Time Build Order
Export as new Build Order

Serral Zerg 

Build Orders: Pool First 

Get SALT Encoding   

  12  0:00  Drone  
  13  0:12  Overlord  
  13  0:17  Drone  
  14  0:30  Drone  
  14  0:31  Drone  
  14  0:34  Drone  
  17  0:44  Spawning Pool  
  17  0:47  Drone  
  17  1:08  Hatchery  
  17  1:11  Drone  
  17  1:14  Drone  
  17  1:16  Extractor  
  17  1:24  Drone  
  18  1:30  Queen  
  20  1:32  Zergling x2  
  21  1:44  Overlord  
  21  1:53  Drone  
  22  2:05  Zergling x2  
  22  2:06  Queen  
  25  2:12  Drone  
  25  2:15  Metabolic Boost  
  26  2:20  Drone  
  26  2:22  Drone  
  28  2:29  Queen  
  30  2:31  Drone  
  30  2:35  Drone  
  32  2:38  Drone x2  
  34  2:55  Hatchery  
  34  2:58  Overlord  
  33  3:01  Drone  
  33  3:04  Drone  
  35  3:06  Drone  
  36  3:15  Overlord  
  36  3:16  Queen  
  37  3:22  Zergling x6  
  37  3:24  Drone  
  37  3:26  Drone  
  42  3:30  Overlord  
  42  3:32  Drone  
  43  3:38  Roach Warren  
  43  3:40  Drone  
  43  3:42  Drone  
  43  3:44  Drone  
  43  3:48  Drone x2  
  47  3:52  Drone x2  
  49  3:57  Queen  
  49  4:01  Overlord  
  50  4:07  Zergling x6  
  53  4:11  Queen  
  53  4:16  Overlord  
  55  4:18  Drone x2  
  57  4:27  Overlord  
  57  4:28  Drone x2  
  57  4:29  Roach  
  57  4:30  Roach  
  63  4:38  Roach x3  
  69  4:39  Drone x2  
  69  4:43  Zergling x4  
  72  4:49  Evolution Chamber  
  72  4:51  Overlord  
  71  4:54  Spore Crawler x3  
  71  4:55  Drone  
  71  4:57  Drone  
  70  5:00  Zergling x2  
  70  5:01  Drone  
  70  5:02  Drone  
  70  5:03  Drone  
  74  5:07  Lair  
  74  5:09  Drone  
  75  5:14  Roach x2  
  75  5:16  Drone  
  75  5:21  Drone, Overlord  
  80  5:22  Drone  
  80  5:25  Drone, Overlord  
  80  5:26  Drone  
  84  5:29  Overlord  
  84  5:31  Drone x2  
  84  5:34  Drone  
  86  5:36  Extractor  
  86  5:38  Evolution Chamber  
  86  5:40  Drone x2  
  86  5:41  Extractor  
  85  5:44  Drone  
  85  5:45  Drone  
  87  5:51  Drone x2  
  87  5:53  Overlord  
  87  5:54  Drone  
  87  5:55  Drone  
  91  6:00  Overlord  
  91  6:01  Drone  
  92  6:07  Drone x2  
  92  6:09  Overseer  
  94  6:11  Hatchery  
  94  6:13  Overlord  
  94  6:16  Drone x4  
  95  6:22  Extractor x2  
  95  6:23  Roach x2  
  97  6:30  Drone x2  
  97  6:31  Drone x3  
  102  6:33  Extractor  
  102  6:34  Overlord  
  102  6:36  Overseer  
  102  6:38  Roach x4  
  108  6:43  Zerg Missile Weapons Level 1, Hydralisk Den  
  108  6:46  Drone x5  
  112  6:52  Overlord  
  112  6:54  Roach  
  114  6:58  Drone  
  114  7:00  Hydralisk Den, Glial Reconstitution  
  113  7:04  Drone x2  
  113  7:06  Roach x4  
  121  7:12  Drone x2  
  123  7:19  Drone  
  121  7:26  Queen  
  121  7:28  Drone x4  
  126  7:33  Drone x3  
  129  7:37  Hydralisk x3, Muscular Augments, Extractor  
  129  7:38  Hydralisk, Spore Crawler, Overlord  
  129  7:39  Infestation Pit  
  129  7:41  Hydralisk  
  136  7:51  Hydralisk x3  
  136  7:52  Hydralisk x2  
  136  7:58  Drone x3  
  149  7:59  Evolution Chamber  
  149  8:00  Drone  
  149  8:01  Extractor  
  148  8:08  Drone x2  
  148  8:10  Queen  
  150  8:17  Hive  
  150  8:20  Hydralisk x4  
  158  8:28  Hydralisk, Overlord  
  158  8:32  Overlord  
  156  8:43  Overlord x2  
  156  8:45  Overlord  
  150  8:49  Drone x2  
  150  8:50  Overlord  
  150  8:52  Hydralisk x6  
  150  8:53  Zerg Missile Weapons Level 2  
  164  8:59  Queen  
  166  9:09  Drone x2  
  168  9:13  Hydralisk x5, Zerg Ground Armor Level 1  
  178  9:21  Hatchery  
  177  9:28  Overlord  
  177  9:29  Pneumatized Carapace  
  175  9:31  Viper x2  
  175  9:32  Viper  
  175  9:35  Viper  
  185  9:49  Viper, Drone x2  
  190  9:54  Hydralisk x3  
  190  9:55  Roach x2  
  196  10:03  Hydralisk x3  
  196  10:05  Extractor  
  199  10:12  Overseer  
  197  10:14  Viper  
  197  10:20  Evolution Chamber, Spine Crawler  
  198  10:21  Evolution Chamber  
  198  10:22  Spine Crawler  
  198  10:24  Evolution Chamber  
  198  10:26  Evolution Chamber  
  194  10:35  Hydralisk  
  194  10:36  Hydralisk x2  
  200  10:48  Spine Crawler  
  200  10:49  Hatchery  
  198  10:50  Spine Crawler  
  198  10:51  Drone x2  
  191  11:02  Hydralisk x5  
  191  11:03  Hydralisk x3, Roach  
  191  11:04  Roach x8  
  175  11:12  Viper  
  175  11:14  Roach x2  
  175  11:15  Roach x2  
  179  11:23  Roach x9  
  181  11:35  Hydralisk x3  
  181  11:36  Roach x4  
  192  11:45  Viper  
  192  11:46  Overlord  
  192  11:47  Overlord  
  192  11:59  Overlord  
Show
View Real Time Build Order
Export as new Build Order

liquidthermy Terran - Winner!

Build Orders: Gas First Reaper Expand, Reaper Expand, Hellion Banshee, Mech 

Get SALT Encoding   

  12  0:01  SCV  
  13  0:13  SCV  
  14  0:17  Supply Depot  
  14  0:25  SCV  
  14  0:27  Refinery  
  15  0:38  SCV  
  16  0:44  Barracks  
  16  0:50  SCV  
  17  1:02  SCV  
  18  1:15  SCV  
  19  1:31  Reaper, Orbital Command  
  20  1:43  Command Center  
  20  1:55  Factory  
  20  1:58  SCV  
  21  2:06  Barracks Reactor  
  21  2:10  SCV  
  21  2:15  Supply Depot  
  22  2:22  SCV  
  22  2:32  Refinery  
  22  2:34  SCV  
  23  2:42  Starport  
  23  2:48  SCV  
  23  2:49  Hellion  
  23  2:50  Hellion  
  28  2:55  Marine  
  28  2:57  Orbital Command  
  29  3:01  SCV  
  32  3:13  SCV, Hellion  
  32  3:15  Hellion  
  32  3:18  Barracks Tech Lab  
  35  3:22  Medivac  
  35  3:26  SCV  
  35  3:27  SCV  
  39  3:34  Supply Depot  
  39  3:37  Hellion  
  39  3:39  Hellion  
  43  3:42  SCV  
  44  3:50  SCV  
  44  3:54  SCV  
  45  3:59  Cloaking Field  
  45  4:00  Banshee  
  48  4:03  SCV  
  48  4:05  Supply Depot  
  48  4:06  SCV, Hellion  
  52  4:10  Hellion  
  54  4:27  SCV x2, Supply Depot  
  54  4:28  Hellion  
  58  4:39  SCV x2  
  60  4:50  Hellion  
  60  4:51  SCV x2  
  64  4:53  Hellion  
  64  5:00  Command Center  
  64  5:03  SCV x2  
  64  5:05  Armory  
  64  5:06  Armory  
  66  5:09  Supply Depot  
  66  5:14  Refinery x2  
  66  5:15  SCV x2  
  66  5:17  Hellion  
  70  5:24  Supply Depot  
  70  5:31  SCV x2, Hellion  
  70  5:32  Banshee  
  77  5:43  Cyclone  
  77  5:46  SCV x2  
  80  5:52  Cyclone  
  80  5:54  Barracks Tech Lab  
  80  5:55  Factory  
  81  5:57  Factory  
  81  6:02  SCV  
  81  6:03  SCV  
  81  6:12  Orbital Command  
  81  6:14  SCV, Refinery  
  81  6:15  SCV  
  83  6:26  SCV  
  83  6:27  SCV, Hellion x2  
  83  6:28  Starport Reactor  
  83  6:29  Refinery  
  89  6:33  Terran Vehicle And Ship Armor Level 1, Terran Vehicle Weapons Level 1  
  89  6:34  Supply Depot  
  89  6:38  SCV x2  
  89  6:39  SCV  
  92  6:45  Supply Depot  
  92  6:50  SCV x2  
  92  6:51  SCV  
  95  6:56  Thor  
  95  6:57  Thor  
  95  6:58  Supply Depot  
  107  7:02  SCV, Engineering Bay  
  107  7:07  SCV  
  109  7:09  Medivac x2  
  109  7:13  SCV  
  109  7:15  SCV  
  112  7:19  SCV  
  111  7:23  Hellion x2  
  111  7:26  SCV  
  111  7:27  SCV  
  117  7:31  SCV  
  117  7:32  Supply Depot  
  117  7:34  Infernal Pre-Igniter  
  118  7:38  SCV, Factory  
  118  7:39  Factory, SCV  
  118  7:40  Supply Depot  
  118  7:43  Siege Tank x2  
  124  7:47  SCV  
  124  7:49  Supply Depot  
  124  7:50  SCV  
  124  7:51  SCV  
  124  7:54  Smart Servos  
  124  7:58  Supply Depot  
  124  7:59  SCV  
  124  8:02  SCV  
  126  8:10  Hellion  
  125  8:13  Hellion x8  
  125  8:18  Siege Tank x2  
  131  8:24  Supply Depot, Command Center  
  131  8:26  Missile Turret  
  131  8:28  Missile Turret  
  131  8:29  Factory Tech Lab  
  131  8:30  Factory Reactor  
  129  8:36  Hellion  
  129  8:41  Supply Depot, Hellion  
  133  8:49  Terran Vehicle Weapons Level 2  
  133  8:50  Siege Tank  
  133  8:51  Hellion, Siege Tank  
  139  8:55  Terran Vehicle And Ship Armor Level 2  
  139  8:56  Hellion  
  139  8:57  Hellion  
  139  8:59  Hellion x2  
  139  9:00  Hellion x2  
  139  9:03  Missile Turret  
  139  9:04  Supply Depot  
  139  9:05  Viking x2  
  139  9:06  SCV  
  139  9:09  Supply Depot  
  144  9:11  Supply Depot  
  144  9:12  Hellion x3, Siege Tank  
  153  9:22  Siege Tank  
  153  9:23  Hellion  
  158  9:30  Hellion  
  158  9:32  Command Center  
  158  9:35  Viking  
  158  9:38  Planetary Fortress  
  158  9:43  Hellion x7  
  158  9:44  Hellion, Siege Tank  
  157  9:47  SCV x2  
  157  9:48  SCV  
  157  9:51  Viking  
  157  10:01  Hellion, Siege Tank  
  157  10:02  Siege Tank  
  163  10:08  SCV x2, Refinery  
  163  10:09  SCV, Refinery  
  166  10:15  SCV  
  166  10:16  Hellion, Siege Tank  
  166  10:20  SCV x2  
  174  10:21  SCV  
  174  10:27  SCV  
  176  10:29  Hellion  
  176  10:30  Viking  
  176  10:31  Viking  
  176  10:32  SCV  
  176  10:33  Siege Tank  
  186  10:36  Hellion  
  186  10:38  Hellion  
  190  10:45  Hellion x9  
  190  10:48  Siege Tank  
  190  10:49  Hellion, Siege Tank  
  198  10:51  Hellion  
  198  10:54  Sensor Tower  
  200  11:00  Hellion, Viking  
  200  11:02  Hellion  
  188  11:05  Siege Tank  
  188  11:10  Hellion  
  181  11:12  Viking  
  181  11:14  Hellion  
  178  11:20  Siege Tank  
  178  11:21  Siege Tank  
  178  11:22  Hellion  
  178  11:24  Hellion  
  188  11:30  Viking  
  188  11:31  Hellion  
  192  11:36  Hellion  
  192  11:37  Siege Tank  
  197  11:41  Viking  
  197  11:43  Hellion  
  197  11:45  Hellion  
  195  11:53  Hellion, Siege Tank  
  199  12:08  Hellion  
Tags
 
Add a new tag
Caveats
  • Supply blocks, unpowered buildings, or Contaminate may cause inaccurate times.
  • Supply counts are checked every 10 seconds.